 Dungeon Crawl Stone Soup version 0.29-a0-284-gf9362112df (webtiles) character file.

Game seed: 11487530854257665715

620 sammy202020 the Skirmisher (level 7, 0/44 HPs)
             Began as a Gargoyle Berserker on Mar 16, 2022.
             Was a Priest of Trog.
             Slain by an orc
             ... wielding a +0 trident
              (1 damage)
             ... on level 5 of the Dungeon.
             The game lasted 00:06:12 (3384 turns).

sammy202020 the Skirmisher (Gargoyle Berserker)     Turns: 3384, Time: 00:06:13

Health: 0/44       AC: 13    Str: 21    XL:     7   Next: 46%
Magic:  7/7        EV:  9    Int:  9    God:    Trog [***...]
Gold:   227        SH:  0    Dex:  9    Spells: 6/6 levels left

rFire   + . .      SeeInvis .   k - +3 morningstar
rCold   . . .      Faith    .   x - +0 kite shield
rNeg    + . .      Spirit   .   q - +0 ring mail
rPois   ∞          Reflect  .   o - +1 helmet
rElec   +          Harm     .   (no cloak)
rCorr   +          Rampage  .   (no gloves)
Will    ++...                   (no boots)
Stlth   ..........              (no amulet)
HPRegen 1.14/turn               b - ring of protection from fire
MPRegen 0.10/turn               i - ring of resist corrosion

@: confused, ambrosia-drunk, strong-willed (expiring), on berserk cooldown,
regenerating (expiring), slowed, very slow
A: sickness immunity, AC +4, negative energy resistance 1, electricity
resistance, torment resistance 1, petrification resistance
a: Renounce Religion, Berserk, Trog's Hand


You were on level 5 of the Dungeon.
You worshipped Trog.
Trog was most pleased with you.
You visited 1 branch of the dungeon, and saw 5 of its levels.

You collected 227 gold pieces.

Inventory:

Hand Weapons
 a - a +0 mace
 k - a +3 morningstar (weapon)
Missiles
 u - 5 poisoned darts (quivered)
 v - 5 boomerangs
Armour
 o - a +1 helmet (worn)
 q - a +0 ring mail (worn)
 x - a +0 kite shield (worn)
Jewellery
 b - a ring of protection from fire (left hand)
 e - an amulet of magic regeneration
 f - a +4 ring of slaying
 i - a ring of resist corrosion (right hand)
Wands
 t - a wand of flame (10)
Scrolls
 c - a scroll of fog {unknown}
 g - a scroll of immolation {unknown}
 m - a scroll of identify
 w - a scroll of amnesia {unknown}
Potions
 h - a potion of might
 j - a potion of attraction
 l - a potion of flight
 n - a potion of curing {unknown}
 p - a potion of degeneration {unknown}
 r - a potion of heal wounds {unknown}
 s - a potion of berserk rage {unknown}


   Skills:
 * Level 5.4 Fighting
 * Level 4.9 Maces & Flails
 * Level 4.9 Armour
 + Level 2.6 Dodging
 * Level 2.1 Shields


You had 6 spell levels left.
You didn't know any spells.
Your spell library was empty.

Dungeon Overview and Level Annotations

Branches:
Dungeon (5/15)
 Temple: D:4-7

Altars:
Dithmenos
Elyvilon
Gozag
Kikubaaqudgha
Nemelex Xobeh
Ru
Sif Muna
Uskayaw
Vehumet
Xom
The Shining One


Innate Abilities, Weirdness & Mutations

You are immune to sickness and miasma.
Your stone body is resilient. (AC +4)
You are immune to poison.
You resist negative energy. (rN+)
You are resistant to electric shocks. (rElec)
You are resistant to unholy torment.
You are immune to petrification.


Message History

You kill the orc!
Trog accepts your kill.
You miss something. Something hits you but does no damage.
You barely miss something. Something hits you but does no damage.
You impale something!! Trog accepts your kill.
Trog appreciates your killing of a magic user.
Reactivating autopickup.
You feel a bit more experienced.
You barely miss the orc. The orc hits you but does no damage.
You thump the orc!
You kill the orc!
Trog accepts your kill.
The orc priest invokes the aid of Beogh against you.
Beogh smites you!
* * * LOW HITPOINT WARNING * * *
You are no longer berserk.
You are exhausted.
You feel yourself slow down. The orc barely misses you.
The orc priest closely misses you.
Items here: )))) [[[ †††.
You completely miss the orc priest. The orc hits you but does no damage.
The orc priest hits you with a +0 flail.
* * * LOW HITPOINT WARNING * * *
You block the orc's attack. You block the orc priest's attack.
You barely miss the orc priest.
You feel the effects of Trog's Hand fading.
You block the orc's attack.
The orc priest hits you but does no damage.
The orc barely misses you.
The orc priest mumbles some strange prayers to Beogh against you.
Beogh smites you!
* * * LOW HITPOINT WARNING * * *
You are confused.
You feel invigorated. The orc misses you.
The orc priest calls down the wrath of Beogh upon you.
Beogh smites you!
* * * LOW HITPOINT WARNING * * *
The orc hits you from afar with a +0 trident.
You die...

#.#
#.##...##..###...###...
#.# # ##.###..# #...# ..
#.###.# #..###...###...
......###..............
.......##..............
####.................
#.#...###...###...
#.##..# #...# .. #@##..#
#...# .. #o##..^.......
.. #######o##...........
..
.......o####.######.###.
..##.#......#. .# #. #
#.#####.# . .. #. .. ...


You could see an orc priest and 2 orcs.

Vanquished Creatures
  An ogre (D:5)
  A centaur (D:5)
  A necrophage (D:4)
  A howler monkey (D:5)
  An orc priest (D:4)
  A hound (D:5)
  3 iguanas
  2 orc wizards (D:5)
  Robin (D:2)
  4 adders
  2 worms
  A dart slug (D:1)
  12 orcs
  10 bats
  5 endoplasms
  5 giant cockroaches
  8 goblins
  10 hobgoblins
  9 jackals
  7 kobolds
  3 quokkas
  7 ball pythons
  3 frilled lizards
  A rat (D:1)
99 creatures vanquished.

Vanquished Creatures (others)
  A goblin (D:2)
  A plant (D:3)
2 creatures vanquished.

Grand Total: 101 creatures vanquished

Notes
Turn   | Place    | Note
-------+----------+-------------------------------------------
     0 | D:1      | sammy202020 the Gargoyle Berserker began the quest for the
                  | Orb.
     0 | D:1      | Reached XP level 1. HP: 14/14 MP: 1/1
    50 | D:1      | Reached XP level 2. HP: 15/19 MP: 2/2
   542 | D:1      | Reached XP level 3. HP: 23/24 MP: 3/3
   616 | D:1      | Found a faded altar of an unknown god.
   858 | D:2      | Reached ** piety under Trog
  1243 | D:2      | Noticed Robin
  1250 | D:2      | Killed Robin
  1251 | D:2      | Reached skill level 4 in Fighting
  1251 | D:2      | Reached XP level 4. HP: 26/29 MP: 4/4
  1613 | D:3      | Found an ancient bone altar of Kikubaaqudgha.
  1663 | D:3      | Found a hide-covered altar of Uskayaw.
  1663 | D:3      | Found a white marble altar of Elyvilon.
  1663 | D:3      | Found a shimmering blue altar of Sif Muna.
  1750 | D:3      | Found a sacrificial altar of Ru.
  1966 | D:3      | Found a radiant altar of Vehumet.
  1988 | D:3      | Found an opulent altar of Gozag.
  2196 | D:4      | Reached XP level 5. HP: 29/34 MP: 5/5
  2317 | D:4      | Found a glowing golden altar of the Shining One.
  2340 | D:4      | Found a sparkling altar of Nemelex Xobeh.
  2397 | D:4      | Reached *** piety under Trog
  2404 | D:4      | Reached XP level 6. HP: 38/40 MP: 6/6
  2737 | D:5      | Entered Level 5 of the Dungeon
  2839 | D:5      | Reached skill level 5 in Fighting
  2839 | D:5      | Reached skill level 1 in Shields
  2983 | D:5      | Found a shadowy altar of Dithmenos.
  3052 | D:5      | Found a shimmering altar of Xom.
  3052 | D:5      | Found a shimmering altar of Xom.
  3078 | D:5      | Found a shimmering altar of Xom.
  3086 | D:5      | Found a shimmering altar of Xom.
  3088 | D:5      | Found a shimmering altar of Xom.
  3102 | D:5      | Reached XP level 7. HP: 44/44 MP: 7/7
  3122 | D:5      | Found a shimmering altar of Xom.
  3122 | D:5      | Found a shimmering altar of Xom.
  3384 | D:5      | HP: 1/44 [orc priest/divine providence (10)]
  3384 | D:5      | Slain by an orc

Illustrated notes

Levels and vault maps discovered:
D:1:      dpeg_arrival_tiny_a, layout_rooms, basic_ecumenical_altar
D:2:      layout_basic, minmay_between, uniq_robin
D:3:      layout_rooms, mainiacjoe_overflow_catwalk,
          nicolae_overflow_crystal_walls, nicolae_overflow_hidden_temple,
          gammafunk_temple_overflow_forgotten
D:4:      layout_rooms, jmf_multi_god_temple
D:5:      layout_loops_ring, nicolae_xom_altar_mimics,
          nicolae_dithmenos_through_a_glass_darkly, kennysheep_boxes

Skill      XL: |  1  2  3  4  5  6  7 |
---------------+----------------------+-----
Armour         | 3 4 |  4.9
Fighting       | 4 5 |  5.4
Dodging        | 2 |  2.6
Maces & Flails | 4 |  4.9
Shields        | 1 2 |  2.1

Action                   |  1- 3 |  4- 6 |  7- 9 || total
-------------------------+-------+-------+-------++-------
Melee: Mace              |    69 |       |       ||    69
       Punch             |     1 |     1 |       ||     2
       Morningstar       |    37 |   177 |    30 ||   244
Invok: Trog's Hand       |       |     1 |     1 ||     2
       Berserk           |       |       |     1 ||     1
  Use: Scroll            |       |     9 |       ||     9
       Potion            |       |       |     1 ||     1
 Stab: Sleeping          |     1 |       |       ||     1
Armor: Animal skin       |    43 |    18 |       ||    61
       Ring mail         |       |   107 |    17 ||   124
Dodge: Dodged            |    95 |   142 |    19 ||   256
Block: Kite shield       |       |    15 |     6 ||    21

Table legend: (Time is in decaauts)
 A = Elapsed time spent in this place.
 B = Non-inter-level travel time spent in this place.
 C = Inter-level travel time spent in this place.
 D = Time resting spent in this place.
 E = Time spent auto-exploring this place.
 F = Levels seen in this place.
 G = Mean time per level.
                   A        B        C        D        E       F      G
               +--------+--------+--------+--------+--------+-----+--------+
         Total |   3479 |   3410 |     69 |      0 |   2523 |   5 |  695.8 |
       Dungeon |   3479 |   3410 |     69 |      0 |   2523 |   5 |  695.8 |
               +--------+--------+--------+--------+--------+-----+--------+

Top non-repeatable levels by time:
     D:2: 839 daAuts
     D:1: 737 daAuts
     D:5: 666 daAuts
     D:3: 621 daAuts
     D:4: 614 daAuts
